 Dungeon Crawl Stone Soup version 0.29.1-4-g47bece8355 (webtiles) character file.

Game seed: 2719967701315602712

1631 retardedninja the Cleaver (level 8, 0/70 HPs)
             Began as a Hill Orc Fighter on Dec 1, 2022.
             Engulfed by a steam dragon's steam (2 damage)
             ... on level 6 of the Dungeon.
             The game lasted 00:08:56 (6691 turns).

retardedninja the Cleaver (Hill Orc Fighter)        Turns: 6691, Time: 00:08:56

Health: 0/70       AC: 17    Str: 21    XL:     8   Next: 98%
Magic:  0/8        EV:  6    Int:  8    God:
Gold:   162        SH:  4    Dex: 10    Spells: 7/7 levels left

rFire   . . .      SeeInvis .   a - +2 war axe
rCold   + . .      Faith    .   c - +0 buckler
rNeg    . . .      Spirit   +   e - +2 plate armour
rPois   +          Reflect  .   n - +2 helmet
rElec   .          Harm     .   (no cloak)
rCorr   .          Rampage  .   (no gloves)
Will    .....                   (no boots)
Stlth   ..........              o - amulet of guardian spirit
HPRegen 0.21/turn               k - ring of the Endless Expanse {rPois rC+}
MPRegen 0.11/turn               (no ring)

@: no status effects
A: no striking features
a: no special abilities


You were on level 6 of the Dungeon.
You visited 2 branches of the dungeon, and saw 7 of its levels.

You collected 162 gold pieces.

Inventory:

Hand Weapons
 a - a +2 war axe (weapon)
Armour
 c - a +0 buckler (worn)
 e - a +2 plate armour (worn)
 n - a +2 helmet (worn)
Jewellery
 d - a +6 ring of intelligence
 g - a ring of wizardry
 k - the ring of the Endless Expanse (left hand) {rPois rC+}
   (You found it on level 4 of the Dungeon)

   [ring of poison resistance]

   rC:        It protects you from cold.
   rPois:     It protects you from poison.
 o - an amulet of guardian spirit (around neck)
 q - a ring of magical power
 s - a +6 ring of dexterity
Wands
 j - a wand of quicksilver (24)
Scrolls
 h - a scroll of identify
 i - a scroll of immolation
Potions
 b - a potion of flight
 f - 2 potions of mutation
 m - 3 potions of brilliance
 p - a potion of lignification
 r - 2 potions of might


   Skills:
 + Level 5.8 Fighting
 * Level 11.1 Axes
 + Level 5.5 Armour
 + Level 0.8 Dodging
 + Level 2.5 Stealth
 + Level 4.5 Shields


You had 7 spell levels left.
You didn't know any spells.
Your spell library contained the following spells:

 Spells                   Type           Power      Damage    Failure   Level
 Scorch                   Fire           0%         2d5       100%        2
 Conjure Flame            Conj/Fire      0%         6-21      100%        3
 Ignite Poison            Fire/Tmut/Pois 0%         N/A       100%        3
 Flame Wave               Conj/Fire      0%         2d4       100%        4
 Sticky Flame             Conj/Fire      0%         2d3       100%        4
 Summon Ice Beast         Ice/Summ       0%         N/A       100%        4
 Summon Mana Viper        Hex/Summ       0%         N/A       100%        5
 Summon Cactus Giant      Summ           0%         N/A       100%        6
 Monstrous Menagerie      Summ           0%         N/A       100%        7


Dungeon Overview and Level Annotations

Branches:
Dungeon (6/15)             Temple (1/1) D:6

Altars:
Ashenzari
Cheibriados
Dithmenos
Elyvilon
Fedhas
Hepliaklqana
Kikubaaqudgha
Makhleb
Nemelex Xobeh
Ru
Sif Muna
Trog
Vehumet
Wu Jian
Xom
Yredelemnul
Zin
The Shining One

Shops:
D:1 !   D:4 *

Annotations:
D:6 1 runed translucent door


Message History

The steam dragon breathes steam at you.
The ball of steam hits you but does no damage.
The acid dragon roars!
You slash the steam dragon!
The steam dragon is severely wounded.
You are engulfed in a cloud of scalding steam.
The acid dragon spits acid at you. The splash of acid hits you!!
You block the steam dragon's attack.
The steam dragon claws you but does no damage.
You hear an angry hiss.
As you read the scroll of teleportation, it crumbles to dust.
You feel strangely unstable. The steam dragon bites you!
* * * LOW HITPOINT WARNING * * *
The steam dragon claws you but does no damage.
The iguana is engulfed in a cloud of scalding steam.
You hit the steam dragon but do no damage.
The steam dragon is severely wounded.
The steam dragon bites you but does no damage.
You block the steam dragon's attack.
Okay, then.
You barely miss the steam dragon.
The steam dragon is severely wounded.
You slash the iguana!
You kill the iguana!
Your surroundings suddenly seem different.
Found 7 gold pieces.
An iguana comes into view.
The steam dragon breathes steam at you. The ball of steam hits you!
* * * LOW HITPOINT WARNING * * *
The acid dragon bites you.
* * * LOW HITPOINT WARNING * * *
The acid dragon claws you but does no damage.
Okay, then.
Sorry, you're not good enough to have a special ability.
Sorry, you're not good enough to have a special ability.
You hit the acid dragon.
The acid dragon is lightly wounded.
You are engulfed in a cloud of scalding steam.
You die...

.........>.#..
#....##.#.......
......####
#.....#..†....#. ......
.......##....#.# [....
... .##.....#### #.#.
#...#......# #
####....§....# ###
###.#§...D?......#
.....#...§§.§§........#
#.....@§<...........#
#.......D§§.........##
....................##
..#................## .
#.......##........
.........# ....
#...$...#.# #..
##...l..... #.


You could see an acid dragon and an iguana.

Vanquished Creatures
  Eustachio (D:5)
  Sigmund (D:4)
  Edmund (D:4)
  3 black bears
  2 ogres (D:5)
  2 necrophages (D:6)
  3 scorpions
  A jelly (D:5)
  5 orc priests
  2 iguanas
  2 orc wizards
  4 gnolls (D:3)
  8 adders
  A white imp (D:5)
  2 worms
  A dart slug (D:1)
  10 orcs
  8 endoplasms
  4 giant cockroaches
  4 goblins
  7 hobgoblins
  4 jackals (D:1)
  7 quokkas
  3 ball pythons
  3 bats (D:1)
  3 frilled lizards
  8 kobolds
  9 rats
109 creatures vanquished.

Vanquished Creatures (others)
  A plant (D:3)
1 creature vanquished.

Grand Total: 110 creatures vanquished

Notes
Turn   | Place    | Note
-------+----------+-------------------------------------------
     0 | D:1      | retardedninja the Hill Orc Fighter began the quest for the
                  | Orb.
     0 | D:1      | Reached XP level 1. HP: 19/19 MP: 1/1
    17 | D:1      | Found Wial's Distillery.
   221 | D:1      | Reached XP level 2. HP: 25/27 MP: 2/2
   618 | D:1      | Reached skill level 3 in Axes
   618 | D:1      | Reached XP level 3. HP: 31/33 MP: 3/3
  1090 | D:2      | Reached skill level 4 in Axes
  1191 | D:2      | Reached XP level 4. HP: 40/40 MP: 4/4
  1521 | D:2      | Found a faded altar of an unknown god.
  1691 | D:3      | Reached skill level 5 in Axes
  1692 | D:3      | Reached XP level 5. HP: 22/46 MP: 5/5
  2485 | D:3      | Reached skill level 6 in Axes
  3008 | D:3      | Reached XP level 6. HP: 53/53 MP: 6/6
  3195 | D:4      | Noticed Sigmund
  3207 | D:4      | Killed Sigmund
  3208 | D:4      | Reached skill level 7 in Axes
  3326 | D:4      | Noticed Edmund
  3349 | D:4      | Killed Edmund
  3350 | D:4      | Reached XP level 7. HP: 30/60 MP: 7/7
  3794 | D:4      | Identified the ring of the Endless Expanse {rPois rC+}
  3797 | D:4      | Found Yvur's Assorted Antiques.
  3937 | D:4      | Reached skill level 8 in Axes
  3939 | D:4      | Reached skill level 5 in Fighting
  4684 | D:4      | Found a glowing golden altar of the Shining One.
  4759 | D:4      | Found an ancient bone altar of Kikubaaqudgha.
  4790 | D:4      | Found a hazy altar of Hepliaklqana.
  4962 | D:5      | Entered Level 5 of the Dungeon
  5025 | D:5      | Reached skill level 1 in Stealth
  5251 | D:5      | Reached skill level 9 in Axes
  5251 | D:5      | Reached XP level 8. HP: 66/68 MP: 6/8
  5338 | D:5      | Reached skill level 5 in Armour
  5342 | D:5      | Noticed Eustachio
  5351 | D:5      | Killed Eustachio
  5504 | D:5      | Reached skill level 10 in Axes
  5644 | D:5      | Found a glowing silver altar of Zin.
  5645 | D:5      | Noticed an angel
  6535 | D:6      | Found a runed translucent door.
  6557 | D:6      | Found a staircase to the Ecumenical Temple.
  6578 | Temple   | Entered the Ecumenical Temple
  6678 | D:6      | Reached skill level 11 in Axes
  6690 | D:6      | HP: 2/70 [acid dragon (6)]
  6691 | D:6      | Engulfed by a steam dragon's steam

Illustrated notes

Levels and vault maps discovered:
D:1:      lemuel_arrival_cross, layout_basic, serial_shops, nicolae_diamond_shop
D:2:      layout_basic, ebering_ecumenical_altar_sacrificial,
          minmay_heptomino_w4
D:3:      cheibrodos_old_hovel, layout_basic
D:4:      layout_loops_ring, nicolae_tso_swordbearing_angel,
          mainiacjoe_overflow_two_lobes, serial_shops, nicolae_shop_statue_plus,
          serial_glass, glass_columns_a, glass_columns_a,
          minmay_strange_pillars, kennysheep_cross_bottleneck, uniq_edmund,
          uniq_sigmund
D:5:      layout_cave_pods, zin_angel, minmay_misc_feat_more_columns,
          hangedman_decor_diamond_cutter, uniq_eustachio
D:6:      layout_cave_pools, minmay_temple_entry_stoned_glass,
          hellmonk_ghost_happy_afterlife
Temple:   nicolae_temple_ecumenical_triangle

Skill      XL: |  1  2  3  4  5  6  7  8 |
---------------+-------------------------+-----
Fighting       | 4 5 |  5.8
Axes           | 3 4 5 6 7 9 11 | 11.1
Armour         | 4 5 |  5.5
Shields        | 4 |  4.5
Stealth        | 1 2 |  2.5
Dodging        | |  0.8

Action                   |  1- 3 |  4- 6 |  7- 9 || total
-------------------------+-------+-------+-------++-------
Melee: War axe           |   118 |   117 |   150 ||   385
  Use: Potion            |       |     1 |     5 ||     6
       Scroll            |       |     8 |     6 ||    14
 Stab: Invisible         |       |       |     9 ||     9
Armor: Plate armour      |    93 |    73 |   114 ||   280
       Scale mail        |    13 |       |       ||    13
       Skin              |       |       |    12 ||    12
Dodge: Dodged            |    42 |    32 |    30 ||   104
Block: Buckler           |    17 |    28 |    28 ||    73
